 Dungeon Crawl Stone Soup version 0.23.2-33-g5129a83184 (webtiles) character file.

Game seed: 16241252389325355153

173 AarnesTheHuman the Covered (level 5, -1/44 HPs)
             Began as a Barachi Fighter on Aug 7, 2019.
             Splashed by a jelly's acid (2 damage)
             ... on level 6 of the Dungeon.
             The game lasted 00:04:35 (2368 turns).

AarnesTheHuman the Covered (Barachi Fighter)        Turns: 2368, Time: 00:04:36

Health: -1/44      AC: -4    Str: 24    XL:     5   Next: 53%
Magic:  5/5        EV:  5    Int:  8    God:
Gold:   120        SH: 15    Dex: 11    Spells: 4/4 levels left

rFire    . . .     SeeInvis .   g - +0 short sword (venom)
rCold    . . .     Gourm    .   o - +0 large shield
rNeg     . . .     Faith    .   b - +0 scale mail
rPois    .         Spirit   .   (no helmet)
rElec    .         Reflect  .   (no cloak)
rCorr    .         Harm     .   (no gloves)
MR       .....                  (no boots)
Stlth    ..........             (no amulet)
HPRegen  0.14/turn              (no ring)
MPRegen  0.09/turn              (no ring)

@: mighty, corroded, slow
A: +LOS, swims, slowness 1, strong legs 1
a: Hop


You were on level 6 of the Dungeon.
You were not hungry.

You visited 1 branch of the dungeon, and saw 4 of its levels.

You collected 120 gold pieces.

Inventory:

Hand Weapons
 a - a +0 long sword
 g - a +0 short sword of venom (weapon)
 r - a cursed +0 dagger
Armour
 b - a +0 scale mail (worn)
 c - a +0 shield
 o - a +0 large shield (worn)
 t - a +1 robe of magic resistance
Wands
 m - a wand of iceblast (8)
Scrolls
 e - 5 scrolls of identify {unknown}
 j - a scroll of magic mapping {unknown}
 k - 2 scrolls of random uselessness {unknown}
 l - a scroll of teleportation {unknown}
 n - 3 scrolls of amnesia {unknown}
 p - 4 scrolls of remove curse {unknown}
 q - a scroll of noise {unknown}
Potions
 h - a potion of flight {unknown}
 i - a potion of haste {unknown}
Comestibles
 f - 2 rations
 s - 3 chunks of flesh


   Skills:
 + Level 5.0 Fighting
 - Level 3.0 Long Blades
 + Level 5.0 Armour
 + Level 4.5 Shields


You had 4 spell levels left.
You didn't know any spells.
Your spell library was empty.

Dungeon Overview and Level Annotations

Branches:
Dungeon (3/15)

Altars:
Elyvilon


Innate Abilities, Weirdness & Mutations

Shadows flee at your approach. (+LOS)
You can swim through water.
You cover ground slowly.
You can hop short distances.


Message History

The jelly is moderately wounded.
The jelly barely misses you.
You hit the jelly but do no damage. The acid corrodes you!
Your hands burn!
The jelly is moderately wounded.
The jelly hits you.
You are splashed with acid.
You hit the jelly but do no damage.
The jelly is poisoned.
Your hands burn!
The jelly is moderately wounded.
The jelly hits you.
You are splashed with acid!
* * * LOW HITPOINT WARNING * * *
You feel very mighty all of a sudden. You block the jelly's attack.
Your shield and scale mail prevent you from hitting the jelly.
The jelly is heavily wounded.
You block the jelly's attack.
You hit the jelly. The acid corrodes you!
Your hands burn!
* * * LOW HITPOINT WARNING * * *
The jelly is almost dead.
You block the jelly's attack.
You hit the jelly but do no damage.
Your hands burn!
You die...

#.......# .# #.o.....#
#.# # #..######
#.#.#.#o.# .#.#.#.#..#
.........#
..##...#o#######
##########...............
.......J@...#####........
#########...# #####.#≈#
########...# #.≈≈≈
##..........# #.≈≈#
#.......##..#########≈≈##
#....(..##.......))..≈≈.#
#.......##.##########≈..#
#.......##.# #≈...
##.#######.# ##≈≈.#


You could see a jelly.

Vanquished Creatures
  A crimson imp (D:6)
  An orc wizard (D:6)
  A hound (D:6)
  2 adders (D:2)
  A shadow imp (D:6)
  An ooze (D:1)
  A worm (D:2)
  2 dart slugs (D:1)
  A leopard gecko (D:2)
  2 orcs (D:6)
  3 giant cockroaches
  7 goblins
  7 hobgoblins
  A ball python (D:1)
  5 bats
  2 frilled lizards (D:2)
  5 kobolds
  4 rats
47 creatures vanquished.

Notes
Turn   | Place    | Note
-------+----------+-------------------------------------------
     0 | D:1      | AarnesTheHuman the Barachi Fighter began the quest for the
                  | Orb.
     0 | D:1      | Reached XP level 1. HP: 18/18 MP: 1/1
    83 | D:1      | Reached XP level 2. HP: 22/25 MP: 2/2
   433 | D:1      | Reached XP level 3. HP: 30/30 MP: 3/3
  1083 | D:2      | Found a white marble altar of Elyvilon.
  1446 | D:2      | Reached XP level 4. HP: 37/37 MP: 4/4
  1959 | D:3      | You fall through a shaft for 3 floors!
  2068 | D:6      | Reached XP level 5. HP: 24/43 MP: 5/5
  2268 | D:6      | Reached skill level 5 in Fighting
  2268 | D:6      | Reached skill level 5 in Armour
  2367 | D:6      | HP: 1/44 [acid (4)]
  2368 | D:6      | Splashed by a jelly's acid

Skill      XL: |  1  2  3  4  5 |
---------------+----------------+-----
Fighting       | 4 5 |  5.0
Armour         | 4 5 |  5.0
Long Blades    | 3 |  3.0
Shields        | 4 |  4.5

Action                   |  1- 3 |  4- 6 || total
-------------------------+-------+-------++-------
Melee: Long sword        |    43 |       ||    43
       Short sword       |    36 |    80 ||   116
  Use: Potion            |       |     1 ||     1
  Eat: Chunk             |     2 |     4 ||     6
Armor: Scale mail        |    39 |    23 ||    62
Dodge: Dodged            |    24 |     8 ||    32
Block: Shield            |    45 |       ||    45
       Large shield      |     3 |    48 ||    51
       Rpst.: Long sword |     5 |       ||     5
